 Dungeon Crawl Stone Soup version 0.29-a0-266-gf56f883ddd (webtiles) character file.

Game seed: 12361337313196286647

158 Armakuni the Ruffian (level 5, -8/50 HPs)
             Began as a Troll Conjurer on Mar 6, 2022.
             Mangled by an ogre
             ... wielding a +0 giant club
              (11 damage)
             ... while paralysed by Grinder
             ... on level 3 of the Dungeon.
             The game lasted 00:03:34 (1445 turns).

Armakuni the Ruffian (Troll Conjurer)               Turns: 1445, Time: 00:03:35

Health: -8/50      AC:  4    Str: 15    XL:     5   Next: 16%
Magic:  5/5        EV:  1    Int: 16    God:
Gold:   145        SH:  0    Dex:  8    Spells: 3/6 levels left

rFire   . . .      SeeInvis .     - Unarmed
rCold   . . .      Faith    .   (no shield)
rNeg    . . .      Spirit   .   a - +0 robe
rPois   .          Reflect  .   (helmet restricted)
rElec   .          Harm     .   (no cloak)
rCorr   +          Rampage  .   (gloves unavailable)
Will    .....                   (boots unavailable)
Stlth   +.........              (no amulet)
HPRegen 0.96/turn               K - ring of resist corrosion
MPRegen 0.09/turn               (no ring)

@: paralysed
A: large, unfitting armour, claws 3, regeneration 1, shaggy fur 1, tough skin 1
a: no special abilities


You were on level 3 of the Dungeon.
You visited 1 branch of the dungeon, and saw 3 of its levels.

You collected 145 gold pieces.

Inventory:

Armour
 a - a +0 robe (worn)
Jewellery
 K - a ring of resist corrosion (left claw)
Scrolls
 c - 2 scrolls of magic mapping {unknown}
 d - a scroll of enchant weapon {unknown}
 e - 4 scrolls of identify {unknown}
 f - 2 scrolls of summoning {unknown}
 g - a scroll of enchant armour {unknown}
 i - 2 scrolls of teleportation {unknown}
 m - a scroll of fear {unknown}
 r - a scroll of holy word {unknown}
Potions
 b - a potion of magic
 h - 3 potions of curing {unknown}
 j - a potion of brilliance {unknown}
 k - a potion of cancellation {unknown}
 l - a potion of lignification {unknown}
 n - a potion of invisibility {unknown}
 o - a potion of attraction {unknown}
 p - a potion of heal wounds {unknown}
 q - a potion of degeneration {unknown}


   Skills:
 + Level 2.6 Fighting
 - Level 1.6 Dodging
 - Level 1.0 Stealth
 + Level 3.2 Unarmed Combat
 - Level 1.2 Spellcasting
 - Level 3.0 Conjurations


You had 3 spell levels left.
You knew the following spells:

 Your Spells              Type           Power      Damage    Failure   Level
a - Magic Dart            Conj           40%        1d5       6%          1
z - Searing Ray           Conj           20%        2d5       10%         2

Your spell library contained the following spells:

 Spells                   Type           Power      Damage    Failure   Level
 Sandblast                Erth           2%         2d4       22%         1
 Passwall                 Tmut/Erth      0%         N/A       34%         2
 Scorch                   Fire           2%         2d5       34%         2
 Dazzling Flash           Conj/Hex       10%        N/A       36%         3
 Stone Arrow              Conj/Erth      10%        3d7       36%         3
 Flame Wave               Conj/Fire      5%         2d5       77%         4
 Fulminant Prism          Conj/Hex       2%         3d6       77%         4
 Iskenderun's Mystic Bla  Conj/Tloc      5%         2d3       77%         4
 Summon Cactus Giant      Summ           0%         N/A       100%        6


Dungeon Overview and Level Annotations

Branches:
Dungeon (3/15)

Altars:

Annotations:
D:3 Grinder


Innate Abilities, Weirdness & Mutations

You are too large for most types of armour.
You have claws for hands.
Your natural rate of healing is unusually fast.
You are covered in fur. (AC +1)
You have tough skin. (AC +1)


Message History

You now have 111 gold pieces (gained 12).
You now have 119 gold pieces (gained 8).
Found a stone staircase leading up.
You now have 132 gold pieces (gained 13).
Found 25 stones.
p - an inky potion
Found a stone staircase leading down.
Found a dagger.
You now have 139 gold pieces (gained 7).
q - a brown potion
Found 6 boomerangs of dispersal.
You open the door.
There is an open door here.
You now have 145 gold pieces (gained 6).
There is a stone staircase leading up here.
You see here 25 stones.
Found a ring mail.
A kobold comes into view. It is wielding a +0 short sword.
You see here a scroll labelled PUZAKL BYOWI.
r - a scroll labelled PUZAKL BYOWI The kobold shouts!
Found a leather armour.
An ogre comes into view. It is wielding a +0 giant club.
The ogre shouts!
The kobold hits you but does no damage.
You claw the kobold!
You kill the kobold!
Grinder comes into view.
Grinder shouts!
The ogre attacks as you move away!
The ogre hits you with a +0 giant club!!
Ouch! That really hurt!
The ogre attacks as you move away! The ogre hits you with a +0 giant club!
* * * LOW HITPOINT WARNING * * *
Grinder gestures at you.
You suddenly lose the ability to move!
The ogre hits you with a +0 giant club!
* * * LOW HITPOINT WARNING * * *
The ogre hits you with a +0 giant club!
You die...

.................#...####
.....................)...#
.....................#..##
......##..........)..#.>...
......
#.............########
.....##.....................
#.........................
#.........................
#........@................
#........O................
###....5.....[.....†.......#
..................#####.....
..[.......)######### #...[.
................ #.....
................ #.....
................. #.....
....[.....####.^ ##....


You could see Grinder and an ogre.

Vanquished Creatures
  A howler monkey (D:3)
  6 gnolls
  3 adders (D:2)
  A dart slug (D:2)
  An orc (D:2)
  4 endoplasms
  3 giant cockroaches
  2 goblins
  A hobgoblin (D:1)
  4 kobolds
  2 quokkas
  2 ball pythons (D:3)
  2 bats
  A frilled lizard (D:2)
  4 rats
37 creatures vanquished.

Notes
Turn   | Place    | Note
-------+----------+-------------------------------------------
     0 | D:1      | Armakuni the Troll Conjurer began the quest for the Orb.
     0 | D:1      | Reached XP level 1. HP: 16/16 MP: 1/1
   496 | D:2      | Reached XP level 2. HP: 26/26 MP: 2/2
   502 | D:2      | Reached skill level 1 in Unarmed Combat
   544 | D:1      | Reached skill level 1 in Fighting
   545 | D:1      | Reached XP level 3. HP: 33/33 MP: 3/3
   621 | D:2      | Learned a level 2 spell: Searing Ray
   723 | D:2      | Reached XP level 4. HP: 42/42 MP: 4/4
  1148 | D:3      | Reached XP level 5. HP: 50/50 MP: 5/5
  1435 | D:3      | Noticed an ogre
  1438 | D:3      | Noticed Grinder
  1442 | D:3      | Paralysed by Grinder for 7 turns
  1444 | D:3      | HP: 2/50 [ogre/+0 giant club (16)]
  1445 | D:3      | Mangled by an ogre

Illustrated notes

Levels and vault maps discovered:
D:1:      lightli_molten_gateway, layout_basic
D:2:      layout_rooms, minmay_domino_2
D:3:      layout_basic, uniq_grinder

Skill      XL: |  1  2  3  4 |
---------------+-------------+-----
Conjurations   | 3 |  3.0
Unarmed Combat | 1 2 3 |  3.2
Fighting       | 1 2 |  2.6
Dodging        | |  1.6
Stealth        | |  1.0
Spellcasting   | |  1.2

Action                   |  1- 3 |  4- 6 || total
-------------------------+-------+-------++-------
Melee: Unarmed           |    72 |    41 ||   113
       Punch             |     1 |       ||     1
 Stab: Sleeping          |     1 |       ||     1
Armor: Robe              |    25 |    12 ||    37
Dodge: Dodged            |    35 |    20 ||    55

Table legend: (Time is in decaauts)
 A = Elapsed time spent in this place.
 B = Non-inter-level travel time spent in this place.
 C = Inter-level travel time spent in this place.
 D = Time resting spent in this place.
 E = Time spent auto-exploring this place.
 F = Levels seen in this place.
 G = Mean time per level.
                   A        B        C        D        E       F      G
               +--------+--------+--------+--------+--------+-----+--------+
         Total |   1443 |   1428 |     15 |     24 |   1014 |   3 |  481.0 |
       Dungeon |   1443 |   1428 |     15 |     24 |   1014 |   3 |  481.0 |
               +--------+--------+--------+--------+--------+-----+--------+

Top non-repeatable levels by time:
     D:1: 507 daAuts
     D:3: 473 daAuts
     D:2: 462 daAuts
